General information
- name: BNet
- type: Ladder team game (AT/RT)
- host: Battle.net
- saver: avid.milk
map: Cherryville
- players: 8
- length: 15:41
- speed: Fast
- version: 1.26 W3XP
- replay type: Public
» download(84 KB)
Players
team 1 (loser)

»
avid.milk (
teal | 36 APM | 565 actions | 15:41)
3 Goblin Tinker
2 Pocket Factory
1 Engineering Upgrade
» actions
| Assign group hotkey | 31 | |
| Basic commands | 33 | |
| Build / train | 27 | |
| ESC pressed | 4 | |
| Enter build submenu | 12 | |
| Enter hero's abilities submenu | 3 | |
| Right click | 169 | |
| Select / deselect | 110 | |
| Select group hotkey | 120 | |
| Use ability | 56 | |
565 total
» units
| Peasant | 17 | |
| Goblin Shredder | 1 | |
18 total
» buildings
| Altar of Kings | 1 | |
| Farm | 3 | |
| Lumber Mill | 1 | |
| Town Hall | 3 | |
| Scout Tower | 14 | |
| Keep | 2 | |
| Guard Tower | 2 | |
26 total
» build order
00:18 Altar of Kings
00:30 Farm
00:54 Farm
01:21 Lumber Mill
02:34 Farm
04:07 Town Hall
04:12 Scout Tower
04:13 Scout Tower
04:14 Scout Tower
04:14 Scout Tower
04:18 Keep
08:13 Town Hall
08:32 Town Hall
09:43 Guard Tower
10:05 Keep
10:54 Scout Tower
10:55 Scout Tower
10:55 Scout Tower
10:55 Scout Tower
10:55 Scout Tower
10:56 Scout Tower
10:56 Scout Tower
10:56 Scout Tower
11:27 Guard Tower
» items
john08 (
orange | 32 APM | 440 actions | 13:40)
1 Far Seer
1 Feral Spirit
» actions
| Assign group hotkey | 3 | |
| Basic commands | 30 | |
| Build / train | 28 | |
| Enter build submenu | 10 | |
| Enter hero's abilities submenu | 1 | |
| Right click | 199 | |
| Select / deselect | 147 | |
| Select group hotkey | 4 | |
| Use ability | 18 | |
440 total
» units
» buildings
| Altar of Storms | 1 | |
| Orc Burrow | 6 | |
| Barracks | 2 | |
9 total
» build order
00:11 Altar of Storms
00:27 Orc Burrow
00:57 Barracks
01:52 Orc Burrow
02:28 Barracks
02:59 Orc Burrow
03:43 Orc Burrow
04:25 Orc Burrow
05:21 Orc Burrow
RT_Sucks_BAD (
blue | 39 APM | 615 actions | 15:41)
3 Death Knight
2 Death Coil
1 Death Pact
» actions
| Basic commands | 12 | |
| Build / train | 72 | |
| Enter build submenu | 18 | |
| Enter hero's abilities submenu | 3 | |
| Right click | 345 | |
| Select / deselect | 135 | |
| Use ability | 30 | |
615 total
» units
| Acolyte | 9 | |
| Ghoul | 2 | |
| Crypt Fiend | 17 | |
| Goblin Shredder | 3 | |
| Obsidian Statue | 3 | |
| Abomination | 10 | |
| Gargoyle | 4 | |
48 total
» upgrades
| Web | 1 | |
| Burrow | 1 | |
| Disease Cloud | 1 | |
| Unholy Strength | 1 | |
| Unholy Armor | 1 | |
| Creature Carapace | 1 | |
| Creature Attack | 1 | |
| Stone Form | 1 | |
8 total
» buildings
| Graveyard | 1 | |
| Ziggurat | 8 | |
| Altar of Darkness | 1 | |
| Crypt | 2 | |
| Nerubian Tower | 4 | |
| Necropolis | 1 | |
| Halls of the Dead | 1 | |
| Spirit Tower | 3 | |
| Slaughterhouse | 2 | |
| Tomb of Relics | 1 | |
| Black Citadel | 1 | |
| Farm | 1 | |
26 total
» build order
00:12 Graveyard
00:18 Ziggurat
01:00 Altar of Darkness
01:11 Crypt
01:22 Crypt
01:33 Nerubian Tower
02:06 Ziggurat
05:07 Necropolis
05:33 Halls of the Dead
05:37 Nerubian Tower
05:43 Ziggurat
05:57 Ziggurat
06:05 Ziggurat
06:28 Ziggurat
06:39 Ziggurat
07:24 Spirit Tower
07:34 Nerubian Tower
07:44 Nerubian Tower
07:54 Spirit Tower
08:02 Spirit Tower
09:31 Slaughterhouse
09:42 Slaughterhouse
10:24 Tomb of Relics
11:09 Black Citadel
15:12 Farm
15:33 Ziggurat
» items
| Orb of Corruption | 1 | |
| Scroll of Healing | 1 | |
| Potion of Healing | 1 | |
3 total
iRAWR. (
pink | 21 APM | 260 actions | 12:18)
2 Paladin
1 Holy Light
1 Devotion Aura
» actions
| Basic commands | 4 | |
| Build / train | 26 | |
| Enter build submenu | 10 | |
| Enter hero's abilities submenu | 2 | |
| Right click | 120 | |
| Select / deselect | 78 | |
| Use ability | 20 | |
260 total
» units
» upgrades
» buildings
| Altar of Kings | 1 | |
| Barracks | 1 | |
| Farm | 6 | |
| Keep | 1 | |
| Lumber Mill | 1 | |
| Castle | 1 | |
| Town Hall | 1 | |
12 total
» build order
00:35 Altar of Kings
00:38 Barracks
00:42 Farm
01:06 Farm
02:59 Farm
03:02 Farm
03:05 Farm
03:12 Farm
05:10 Keep
05:14 Lumber Mill
07:54 Castle
10:28 Town Hall
team 2 (winner)
Surgite (
purple | 45 APM | 702 actions | 15:41)
4 Paladin
1 Holy Light
2 Devotion Aura
1 Divine Shield
» actions
| Assign group hotkey | 21 | |
| Build / train | 50 | |
| ESC pressed | 1 | |
| Enter build submenu | 24 | |
| Enter hero's abilities submenu | 4 | |
| Right click | 124 | |
| Select / deselect | 100 | |
| Select group hotkey | 339 | |
| Use ability | 39 | |
702 total
» units
| Peasant | 10 | |
| Footman | 8 | |
| Priest | 5 | |
| Spell Breaker | 9 | |
32 total
» upgrades
| Defend | 1 | |
| Plating | 1 | |
| Swords | 1 | |
| Lumber Harvesting | 1 | |
| Magic Sentry | 1 | |
| Priest Training | 2 | |
| Control Magic | 1 | |
8 total
» buildings
| Altar of Kings | 1 | |
| Barracks | 1 | |
| Farm | 10 | |
| Scout Tower | 3 | |
| Arcane Tower | 3 | |
| Lumber Mill | 1 | |
| Blacksmith | 1 | |
| Keep | 1 | |
| Town Hall | 1 | |
| Arcane Vault | 1 | |
| Arcane Sanctum | 2 | |
| Castle | 1 | |
26 total
» build order
00:07 Altar of Kings
00:16 Barracks
00:20 Farm
01:00 Farm
01:47 Scout Tower
02:19 Arcane Tower
02:25 Farm
03:09 Farm
03:17 Lumber Mill
03:49 Farm
04:23 Blacksmith
04:32 Scout Tower
05:05 Farm
05:26 Keep
06:23 Town Hall
07:04 Arcane Vault
07:05 Arcane Tower
08:10 Arcane Sanctum
08:38 Castle
08:54 Farm
09:38 Arcane Sanctum
09:41 Farm
10:28 Farm
10:59 Farm
11:26 Scout Tower
11:54 Arcane Tower

»
u_wiLL_hatE_mE (
red | 20 APM | 208 actions | 10:29)
1 Blood Mage
1 Flame Strike
» actions
| Basic commands | 13 | |
| Build / train | 31 | |
| Enter build submenu | 9 | |
| Enter hero's abilities submenu | 1 | |
| Remove unit from queue | 3 | |
| Right click | 53 | |
| Select / deselect | 85 | |
| Use ability | 13 | |
208 total
» units
» buildings
| Altar of Kings | 1 | |
| Farm | 5 | |
| Lumber Mill | 1 | |
| Town Hall | 2 | |
9 total
» build order
00:11 Altar of Kings
00:14 Farm
00:46 Farm
02:30 Farm
03:32 Lumber Mill
03:56 Farm
04:37 Farm
06:54 Town Hall
07:33 Town Hall
Fizzle30x (
yellow | 35 APM | 554 actions | 15:41)
3 Mountain King
2 Storm Bolt
1 Thunder Clap
» actions
| Assign group hotkey | 13 | |
| Basic commands | 74 | |
| Build / train | 35 | |
| Enter build submenu | 14 | |
| Enter hero's abilities submenu | 3 | |
| Remove unit from queue | 2 | |
| Right click | 157 | |
| Select / deselect | 121 | |
| Select group hotkey | 107 | |
| Use ability | 28 | |
554 total
» units
» buildings
| Altar of Kings | 1 | |
| Farm | 6 | |
| Barracks | 1 | |
| Blacksmith | 1 | |
| Scout Tower | 6 | |
| Lumber Mill | 1 | |
| Keep | 2 | |
| Town Hall | 2 | |
| Arcane Tower | 1 | |
21 total
» build order
00:09 Altar of Kings
00:11 Farm
00:20 Farm
00:40 Farm
00:54 Barracks
01:31 Farm
01:37 Blacksmith
02:04 Farm
02:48 Scout Tower
02:50 Scout Tower
02:51 Scout Tower
02:54 Scout Tower
02:55 Scout Tower
02:57 Scout Tower
04:06 Farm
04:17 Lumber Mill
04:34 Keep
06:04 Town Hall
07:19 Arcane Tower
11:49 Town Hall
13:54 Keep
Moonclaw (
green | 51 APM | 806 actions | 15:41)
3 Priestess of the Moon
2 Trueshot Aura
1 Searing Arrows
2 Keeper of the Grove
1 Thorns Aura
1 Force of Nature
» actions
| Assign group hotkey | 19 | |
| Basic commands | 13 | |
| Build / train | 46 | |
| Enter build submenu | 21 | |
| Enter hero's abilities submenu | 5 | |
| Remove unit from queue | 1 | |
| Right click | 315 | |
| Select / deselect | 190 | |
| Select group hotkey | 166 | |
| Use ability | 30 | |
806 total
» units
| Wisp | 15 | |
| Archer | 10 | |
| Huntress | 3 | |
| Chimaera | 6 | |
34 total
» upgrades
» buildings
| Altar of Elders | 1 | |
| Ancient of War | 1 | |
| Moon Well | 8 | |
| Tree of Ages | 1 | |
| Hunter's Hall | 1 | |
| Ancient Protector | 4 | |
| Tree of Eternity | 1 | |
| Ancient of Wind | 1 | |
| Chimaera Roost | 3 | |
21 total
» build order
00:09 Altar of Elders
00:12 Ancient of War
00:22 Moon Well
02:22 Moon Well
02:27 Moon Well
03:35 Tree of Ages
03:39 Moon Well
04:35 Hunter's Hall
05:55 Ancient Protector
06:36 Tree of Eternity
07:15 Ancient Protector
07:48 Ancient Protector
07:58 Ancient Protector
09:33 Ancient of Wind
09:39 Moon Well
10:50 Chimaera Roost
11:21 Chimaera Roost
11:33 Moon Well
12:02 Chimaera Roost
14:09 Moon Well
14:35 Moon Well
Chat log
(00:26 / Allies) avid.milk: blue are you going to spread your poop out and make us look at it
(00:35 / Allies) avid.milk: youve got the username of a poop spreader
(00:52 / Allies) RT_Sucks_BAD: grow up kid pasy your bed time
(01:09 / Allies) avid.milk: is that 2 spaces between every word?
(01:09 / All) john08: ill do the same then
(01:14 / All) u_wiLL_hatE_mE: ok
(01:16 / Allies) avid.milk: you are the biggest psycopath ive met in a while
(01:58 / Allies) avid.milk: blue what is your opinion of the other gametypes
(02:03 / Allies) avid.milk: not dota, but solo and ffa
(02:18 / Allies) john08: do you two hate each other or somehting?
(02:28 / Allies) avid.milk: ive played over 5000 games of rt in my day
(02:32 / Allies) RT_Sucks_BAD: dont know yhis fiucker
(02:32 / Allies) avid.milk: i know a poop spreader when i see one
(02:42 / Allies) avid.milk: they only get online to make the username
(02:46 / Allies) avid.milk: and commit some foul act
(02:49 / Allies) iRAWR.: poop...spreader..?
(02:50 / Allies) avid.milk: that their allies have to behold
(02:54 / Allies) avid.milk: yes
(02:57 / Allies) avid.milk: like the guys in prison
(03:00 / All) u_wiLL_hatE_mE: who should i?
(03:02 / Allies) avid.milk: that smear their waslls with their own feces
(03:03 / Allies) avid.milk: every day
(03:23 / All) u_wiLL_hatE_mE: lol far seer
(03:34 / All) john08: dogs bitch
(03:41 / All) u_wiLL_hatE_mE: lol far sight
(03:44 / All) u_wiLL_hatE_mE: is where its at
(03:58 / All) john08: true, but dogs are very applibical right now for this isntant
(04:10 / All) u_wiLL_hatE_mE: oh true true
(04:20 / All) u_wiLL_hatE_mE: i got HU so flamestrike
(04:34 / All) john08: nigger
(04:44 / All) john08: see this is why i should be doing random when we search like this
(04:52 / All) u_wiLL_hatE_mE: yeah
(04:56 / Allies) iRAWR.: move the lighting shield
(04:58 / Allies) iRAWR.: guy
(05:26 / Allies) RT_Sucks_BAD: lol good
(05:46 / Allies) avid.milk: lol
(05:48 / All) john08: DONT MAKE FUN OF BLUE
(05:51 / All) john08: NIGGER
(05:52 / All) u_wiLL_hatE_mE: when you foing
(05:53 / Allies) iRAWR.: wtf?
(05:57 / Allies) iRAWR.: stop oj
(06:06 / All) john08: HE MADE FUN OF BLUE
(06:09 / All) john08: CALLED HIM NAMES
(06:12 / All) iRAWR.: who gives a fuck
(06:15 / All) iRAWR.: your not funnt
(06:17 / All) iRAWR.: funny
(06:23 / Allies) avid.milk: john08 isnt a poop spreader
(06:26 / Allies) avid.milk: hes just a permanoob
(06:30 / Allies) avid.milk: who hates when people mention solo stats
(06:34 / Allies) avid.milk: or "put on warcraft airs"
(06:38 / All) Surgite: gdi...fucking srsly?
(06:48 / All) john08: 81 and 94 really??
(06:50 / All) john08: you suck more dick than me
(07:03 / Allies) avid.milk: im bringing my littler borhters act up to 50%
(07:06 / Allies) avid.milk: even he is 3-1 ffa though
(07:14 / All) john08: oh ok
(07:20 / All) john08: im brinning my slaves dick up too
(07:24 / All) john08: i meant account
(07:27 / All) iRAWR.: your
(07:28 / All) iRAWR.: not
(07:29 / All) iRAWR.: funny
(07:34 / All) iRAWR.: just stfu little kid
(07:46 / Allies) avid.milk: this is the only way permanoobs can take any ownership for waht happens in the game
(07:54 / Allies) avid.milk: toherwise they are just losing their units to lightning shield and so on
(08:01 / Allies) iRAWR.: ^
(08:02 / Allies) iRAWR.: XD
(08:27 / Allies) avid.milk: what do we have here
(08:50 / All) u_wiLL_hatE_mE: lol i betrayed him
(08:58 / All) u_wiLL_hatE_mE: and built a main in his base
(09:18 / All) Surgite: omg that is so fucking leet!
(09:23 / All) john08: haha
(09:25 / All) Surgite: can I have your fucking children, you sexy bitch?!?!?
(09:26 / All) john08: thgats good
(09:55 / 9) avid.milk: if u kill the orc we ight have a chance
(10:16 / 9) avid.milk: oh you lost your base nvm
(10:21 / Specific player) iRAWR.: lol
(11:28 / All) john08: gg guys
(11:31 / All) john08: teal was a nigger
(11:35 / Allies) avid.milk: here comes the poop spread
(11:37 / Allies) avid.milk: lmao
(11:41 / Allies) avid.milk: he waited so long
(11:44 / All) iRAWR.: teal made fun of his love
(11:46 / All) iRAWR.: lover
(11:47 / Allies) avid.milk: but at last he couldnt control his squirming fingers
(12:13 / All) iRAWR.: hh
(12:14 / All) iRAWR.: gg
(12:15 / Specific player) iRAWR.: *
(12:49 / All) john08: how does them apples taste teal??
(13:22 / All) john08: teals a nigger
(13:37 / All) john08: cry much teal
(14:22 / 4) avid.milk: blue there is no poop left to spread
(14:34 / 7) avid.milk: blue there is no poop left to spread
(14:37 / 7) avid.milk: why are you still here
(14:46 / Allies) avid.milk: the walls are covered
(14:48 / Allies) avid.milk: your work is complete
(15:08 / Allies) avid.milk: oh i see
(15:11 / Allies) avid.milk: youre killing my lumber mill
(15:14 / Allies) avid.milk: with a single fiend
(15:18 / Allies) avid.milk: a final act of insanity